Map: Heavy Artillery LE

Players

Flex - Winner!

  • Race: Protoss Protoss
  • Spawn Location: 7:00

CuberWarrior - Winner!

  • Race: Zerg Zerg
  • League: Platinum
  • Spawn Location: 7:00

Massa

  • Race: Terran Terran
  • League: Gold
  • Spawn Location: 1:00

qqq

  • Race: Zerg Zerg
  • Spawn Location: 3:00

VOD

Have the link to the VOD?

Description

Time

  • Played on: June 24, 2020, 1:19 p.m.
  • Length: 18:07
Show
View Real Time Build Order
Export as new Build Order

Flex Protoss - Winner!

Build Orders: 1 Gate Expand 

Get SALT Encoding   

  12  0:01  Probe  
  13  0:14  Probe  
  14  0:24  Pylon  
  14  0:26  Probe  
  15  0:40  Probe  
  15  0:42  Gateway  
  16  0:48  Probe  
  16  0:49  Assimilator  
  16  0:56  Probe  
  18  1:08  Probe  
  19  1:20  Probe  
  20  1:29  Nexus  
  20  1:38  Probe  
  20  1:39  Cybernetics Core  
  21  1:50  Probe  
  21  1:52  Assimilator  
  22  2:02  Probe  
  22  2:05  Pylon  
  23  2:15  Stalker, Warp Gate  
  23  2:23  Probe  
  26  2:36  Robotics Facility  
  26  2:37  Probe  
  26  2:38  Pylon  
  27  2:47  Gateway  
  27  2:52  Probe, Gateway  
  27  2:53  Probe  
  29  3:03  Probe  
  29  3:06  Probe, Sentry  
  33  3:14  Probe  
  33  3:15  Probe  
  35  3:24  Observer  
  36  3:31  Probe  
  36  3:32  Stalker  
  39  3:35  Probe  
  39  3:36  Immortal  
  40  3:46  Probe  
  45  3:53  Probe  
  46  3:58  Pylon  
  46  4:02  Probe  
  47  4:03  Pylon  
  47  4:05  Probe  
  48  4:11  Adept x3  
  48  4:17  Probe x2  
  55  4:18  Pylon  
  56  4:31  Immortal  
  46  4:37  Adept x2  
  46  4:38  Adept  
  50  4:49  Cybernetics Core  
  50  4:50  Probe x2  
  49  5:01  Pylon  
  49  5:02  Probe  
  49  5:06  Zealot  
  49  5:07  Zealot  
  49  5:10  Probe  
  36  5:14  Probe  
  37  5:22  Probe  
  37  5:26  Probe  
  39  5:31  Probe  
  39  5:33  Adept x3  
  46  5:38  Probe  
  46  5:39  Probe  
  47  5:45  Observer  
  49  5:50  Probe  
  49  5:54  Probe, Shield Battery  
  51  5:59  Warp Prism, Sentry x3  
  59  6:11  Probe x2  
  61  6:24  Adept x3  
  51  6:59  Immortal  
  43  7:11  Probe, Adept x3  
  43  7:12  Probe  
  43  7:14  Assimilator  
  53  7:16  Assimilator  
  53  7:22  Probe  
  53  7:23  Probe  
  53  7:27  Twilight Council  
  55  7:30  Probe, Nexus  
  55  7:32  Pylon  
  55  7:33  Pylon  
  55  7:34  Adept x2  
  55  7:35  Adept  
  55  7:36  Probe  
  63  7:39  Probe  
  63  7:43  Immortal  
  64  7:48  Probe  
  68  7:57  Adept x3  
  68  8:00  Probe  
  68  8:03  Probe  
  70  8:08  Pylon  
  70  8:10  Pylon  
  70  8:12  Probe  
  69  8:15  Probe, Immortal  
  69  8:19  Adept  
  72  8:20  Adept  
  72  8:23  Sentry  
  72  8:24  Probe  
  81  8:28  Probe  
  82  8:36  Probe  
  82  8:40  Probe  
  82  8:41  Charge  
  84  8:48  Probe, Gateway, Robotics Bay  
  84  8:50  Gateway  
  84  8:52  Probe  
  84  8:54  Probe  
  87  9:00  Probe, Observer  
  89  9:04  Probe  
  89  9:06  Probe  
  91  9:11  Pylon  
  91  9:14  Probe  
  91  9:16  Probe  
  93  9:17  Assimilator  
  93  9:18  Probe, Pylon, Assimilator  
  94  9:26  Probe  
  95  9:32  Pylon  
  95  9:34  Gateway  
  95  9:35  Colossus  
  95  9:37  Gateway  
  95  9:39  Probe, Gateway  
  95  9:40  Probe, Pylon, Extended Thermal Lance  
  103  9:58  Templar Archives  
  103  10:01  Pylon, Forge  
  103  10:04  Probe x2  
  105  10:12  Probe  
  106  10:16  Probe  
  107  10:25  Colossus  
  107  10:27  Stalker x4  
  105  10:51  Stalker x5  
  105  10:53  Zealot x3  
  97  11:20  Blink  
  97  11:21  Immortal  
  101  11:26  Robotics Facility  
  101  11:28  Pylon  
  101  11:32  Protoss Ground Weapons Level 1  
  101  11:36  Protoss Air Weapons Level 1  
  101  11:38  Probe  
  102  11:47  Nexus  
  102  11:49  Zealot x6  
  102  11:50  Probe, Zealot x2  
  119  11:55  Pylon  
  119  11:57  Pylon  
  119  11:59  Pylon  
  119  12:02  Probe, Warp Prism  
  119  12:08  Pylon  
  120  12:12  Pylon  
  120  12:14  Probe  
  123  12:21  Pylon  
  123  12:26  Probe  
  123  12:28  Colossus  
  124  12:32  Pylon  
  124  12:35  Pylon  
  130  12:38  Probe  
  130  12:41  Gateway  
  131  12:44  Gateway  
  131  12:45  Pylon  
  131  12:50  Probe  
  132  12:55  Photon Cannon  
  132  12:57  Photon Cannon  
  132  12:58  Photon Cannon x2  
  132  12:59  Shield Battery  
  132  13:01  Shield Battery  
  132  13:03  Colossus  
  132  13:09  High Templar x4  
  132  13:10  High Templar x4  
  154  13:24  Assimilator  
  154  13:28  Assimilator  
  154  13:31  Archon  
  154  13:32  Photon Cannon, Archon x3  
  154  13:33  Protoss Ground Armor Level 1  
  154  13:35  Photon Cannon  
  154  13:38  Photon Cannon  
  154  13:43  Photon Cannon  
  154  13:44  Shield Battery  
  154  13:45  Forge  
  154  13:49  Shield Battery  
  154  13:50  Stargate  
  154  13:54  Pylon, Stargate  
  154  13:55  Nexus  
  154  14:02  High Templar x6  
  166  14:03  High Templar  
  168  14:12  Archon x2  
  168  14:13  Archon  
  168  14:16  High Templar, Pylon  
  170  14:17  Zealot x2  
  170  14:19  Pylon  
  160  14:47  Zealot x9  
  160  14:49  Zealot  
  178  14:57  Protoss Shields Level 1  
  178  15:11  Protoss Air Armor Level 1  
  178  15:14  Cybernetics Core  
  178  15:21  Pylon  
  178  15:23  Gateway, Pylon  
  178  15:28  Pylon  
  178  15:31  Pylon  
  178  15:33  Nexus  
  178  15:35  Pylon  
  178  15:40  Pylon  
  178  15:44  Pylon  
  178  15:52  Pylon  
  178  15:53  Zealot x3  
  178  15:54  Gateway, Zealot x7  
  178  15:57  Assimilator  
  178  16:01  Assimilator  
  154  16:08  Immortal x2  
  158  16:24  Void Ray x2  
  166  16:29  Fleet Beacon  
  165  16:33  Photon Cannon  
  165  16:34  Photon Cannon  
  165  16:35  Photon Cannon  
  165  16:36  Probe x2  
  165  16:37  Photon Cannon  
  161  16:45  Zealot x10  
  161  16:46  Zealot  
  165  16:59  Immortal x2  
  141  17:10  Tempest x2  
  151  17:23  Zealot x3  
  151  17:24  Zealot x3  
  139  17:50  Stargate  
  127  17:53  Photon Cannon  
  127  17:55  Stargate  
  127  17:57  Photon Cannon  
  125  18:05  High Templar x2  
  125  18:06  Zealot x6  
  125  18:07  Zealot  
Show
View Real Time Build Order
Export as new Build Order

CuberWarrior Zerg - Winner!

Build Orders: Pool First, Lurkers 

Get SALT Encoding   

  12  0:01  Drone  
  13  0:10  Drone  
  14  0:16  Overlord  
  14  0:27  Extractor  
  14  0:28  Drone  
  15  0:35  Drone  
  15  0:38  Drone  
  17  0:47  Drone  
  18  0:50  Spawning Pool  
  18  0:52  Extractor  
  18  0:56  Drone  
  17  1:16  Drone  
  18  1:20  Hatchery, Drone  
  18  1:32  Overlord  
  18  1:40  Queen  
  20  1:50  Drone  
  21  1:54  Drone  
  22  2:03  Metabolic Boost  
  22  2:06  Roach Warren  
  21  2:09  Extractor  
  20  2:17  Drone x2  
  22  2:25  Drone  
  23  2:40  Drone  
  23  2:41  Queen  
  23  2:42  Drone  
  27  2:45  Overlord  
  27  2:57  Zergling x2  
  27  2:58  Baneling Nest  
  27  2:59  Overlord x2  
  27  3:10  Lair  
  27  3:12  Drone  
  28  3:20  Drone  
  28  3:22  Zergling x2  
  30  3:35  Drone x2  
  30  3:36  Zergling x2  
  33  3:48  Baneling  
  33  3:49  Baneling x3  
  33  3:54  Pneumatized Carapace  
  33  3:56  Drone  
  33  4:00  Drone  
  35  4:03  Spore Crawler  
  35  4:07  Drone x2  
  36  4:10  Roach x2  
  36  4:16  Baneling x2  
  37  4:49  Roach x6  
  37  4:52  Zergling x6  
  48  5:01  Glial Reconstitution  
  48  5:04  Drone  
  48  5:06  Drone  
  50  5:30  Baneling x2  
  50  5:31  Baneling x4  
  50  5:34  Evolution Chamber  
  49  5:36  Roach  
  49  5:38  Overlord  
  49  5:39  Overlord x2  
  51  5:43  Extractor  
  51  5:44  Drone  
  51  5:45  Drone  
  52  6:05  Zerg Melee Weapons Level 1  
  52  6:08  Roach x3  
  52  6:10  Drone  
  52  6:11  Drone x2  
  61  6:12  Drone x2  
  61  6:13  Drone x2  
  62  6:33  Hatchery  
  55  6:59  Zergling x12  
  55  7:00  Centrifical Hooks  
  61  7:04  Drone  
  61  7:05  Drone x2  
  61  7:06  Zergling x6  
  67  7:22  Hydralisk Den  
  67  7:24  Extractor  
  67  7:25  Overlord x2  
  67  7:28  Baneling x4  
  67  7:29  Baneling x8  
  65  7:34  Baneling x5  
  65  7:35  Baneling  
  54  8:17  Zerg Missile Weapons Level 1  
  54  8:19  Hydralisk x6  
  62  8:21  Roach  
  62  8:22  Drone x2  
  70  8:34  Queen  
  70  8:35  Overlord x3  
  72  8:44  Evolution Chamber  
  71  9:00  Grooved Spines  
  71  9:04  Zergling x8  
  71  9:05  Zergling x12  
  81  9:11  Evolution Chamber  
  81  9:15  Extractor  
  79  9:23  Drone  
  80  9:37  Lurker Den  
  79  9:39  Roach x3  
  79  9:40  Roach x5  
  95  9:54  Drone  
  95  9:55  Drone x5  
  95  9:56  Extractor  
  95  9:58  Hydralisk x2  
  95  9:59  Hydralisk x2  
  108  10:02  Drone x3  
  108  10:06  Roach x3  
  117  10:07  Zerg Ground Armor Level 1  
  117  10:10  Zerg Melee Weapons Level 2  
  117  10:12  Zerg Missile Weapons Level 2  
  101  10:48  Hydralisk x6  
  101  10:49  Hydralisk  
  95  10:59  Lurker x3  
  98  11:10  Overseer  
  92  11:17  Drone x3  
  92  11:18  Hydralisk x2  
  99  11:28  Infestation Pit  
  99  11:31  Zergling x10  
  103  11:44  Muscular Augments  
  103  11:46  Roach x5  
  93  12:39  Hive  
  93  12:40  Hydralisk x7  
  107  12:44  Zergling x6  
  107  12:45  Zergling x4  
  107  12:49  Zergling x10  
  107  12:50  Zerg Ground Armor Level 2  
  113  13:33  Zergling x2  
  114  13:34  Overlord x3  
  114  13:35  Overlord  
  107  14:09  Lurker x2  
  109  14:12  Baneling  
  109  14:13  Baneling x7  
  109  14:14  Baneling  
  109  14:15  Zerg Missile Weapons Level 3  
  109  14:17  Zerg Melee Weapons Level 3  
  109  14:21  Ultralisk Cavern  
  108  14:27  Hydralisk x4  
  104  14:46  Adrenal Glands  
  104  14:59  Zergling x10  
  109  15:23  Zerg Ground Armor Level 3  
  66  15:53  Hydralisk x2  
  66  15:54  Hydralisk x6  
  82  15:58  Chitinous Plating  
  82  16:02  Ultralisk x2  
  82  16:03  Ultralisk x4  
  118  16:04  Zergling x6  
  118  16:05  Zergling x6  
  124  16:29  Extractor x2, Hatchery  
  121  16:37  Seismic Spines  
  120  17:17  Anabolic Synthesis  
Show
View Real Time Build Order
Export as new Build Order

Massa Terran 

Build Orders:  

Get SALT Encoding   

  13  0:07  SCV  
  13  0:17  Supply Depot  
  13  0:19  SCV  
  14  0:32  SCV  
  15  0:40  Barracks  
  15  0:44  SCV  
  16  0:56  SCV  
  17  1:07  Barracks  
  17  1:09  SCV  
  18  1:21  SCV  
  19  1:32  Marine  
  20  1:33  SCV  
  20  1:35  Barracks  
  21  1:50  SCV, Marine  
  23  2:17  Barracks  
  23  2:25  Refinery  
  23  2:27  Supply Depot  
  23  2:29  Supply Depot  
  23  2:34  Supply Depot  
  23  2:41  Orbital Command  
  23  2:48  Marine x3  
  23  2:51  Supply Depot  
  26  3:06  Marine x3  
  26  3:08  Marine  
  30  3:19  Supply Depot  
  30  3:23  Marine x3  
  30  3:25  Marine  
  34  3:28  Supply Depot  
  34  3:41  Marine  
  34  3:47  Marine  
  34  3:48  Marine x2  
  38  3:51  Factory  
  38  3:59  Marine  
  39  4:05  Marine x3  
  42  4:15  Command Center  
  42  4:17  Marine  
  42  4:23  Marine x3  
  41  4:44  Marine  
  41  4:45  Marine x3  
  37  5:02  Marine x3  
  37  5:03  Marine  
  37  5:20  Marine x4  
  33  5:30  Factory Tech Lab  
  33  5:32  SCV x2  
  35  5:38  Marine x4  
  39  5:44  SCV  
  39  5:45  SCV  
  41  5:52  Refinery  
  41  5:55  Marine  
  41  5:56  Marine x3  
  41  5:57  SCV  
  46  6:03  Siege Tank  
  49  6:08  Orbital Command  
  49  6:10  SCV  
  50  6:13  Marine  
  50  6:14  Marine x3  
  54  6:23  SCV  
  55  6:32  Marine x3  
  58  6:35  Siege Tank  
  52  7:13  Siege Tank  
  55  7:18  Marine  
  55  7:19  Marine x2  
  58  7:27  Starport, Barracks Tech Lab  
  58  7:31  SCV x2, Command Center  
  58  7:36  Marine x3  
  63  7:43  SCV x2  
  64  7:54  Marine x3  
  64  7:55  SCV x2  
  47  8:08  Siege Tank  
  47  8:11  Marine  
  47  8:12  Marine x2  
  51  8:13  Marauder  
  51  8:17  Medivac  
  53  8:29  Marine  
  53  8:30  Marine x2  
  53  8:33  Stimpack  
  56  8:34  Marauder  
  56  8:35  Barracks  
  56  8:38  Refinery  
  56  8:39  Refinery  
  58  8:41  Engineering Bay  
  58  8:43  Engineering Bay  
  58  8:56  SCV x2, Marauder  
  62  9:08  SCV x2  
  64  9:10  Supply Depot  
  64  9:14  Terran Infantry Armor Level 1, Terran Infantry Weapons Level 1  
  64  9:17  Marauder  
  64  9:20  SCV  
  64  9:21  SCV  
  64  9:22  Marine x2  
  70  9:31  Barracks Tech Lab  
  70  9:32  SCV  
  70  9:33  SCV, Supply Depot  
  72  9:39  Marauder, Medivac  
  72  9:44  SCV  
  72  9:45  SCV, Orbital Command  
  78  9:48  Barracks Reactor  
  78  9:53  Marauder  
  78  9:55  Supply Depot  
  78  9:56  SCV  
  78  9:57  SCV  
  82  10:00  Marauder  
  84  10:15  Marauder  
  84  10:18  Supply Depot  
  86  10:21  Marauder  
  88  10:41  Supply Depot  
  74  10:50  Marauder x2  
  74  10:51  Marine x4  
  74  11:04  Supply Depot  
  74  11:09  Marine x4  
  68  11:11  Marauder x2  
  66  11:20  Medivac  
  68  11:26  Marine  
  68  11:27  Marine  
  68  11:28  Supply Depot  
  68  11:31  Factory  
  72  11:33  Marauder x2  
  75  11:44  Siege Tank  
  77  11:48  Barracks Reactor  
  77  11:50  Supply Depot  
  79  11:54  Barracks Tech Lab, Marauder x2  
  79  11:59  Armory  
  80  12:02  Armory  
  73  12:14  Supply Depot  
  62  12:16  Marauder x2, Siege Tank  
  62  12:18  Factory Tech Lab  
  62  12:19  Marauder  
  62  12:20  Marine x2  
  65  12:36  Supply Depot  
  67  12:37  Marauder x2, Marine  
  67  12:38  Marine  
  67  12:41  Marauder  
  73  12:52  Thor  
  73  12:55  Marine  
  84  12:58  Marauder x2  
  84  12:59  Command Center  
  84  13:00  Marine x3  
  84  13:02  Marauder  
  89  13:09  Command Center  
  89  13:13  Marine  
  89  13:17  Marine  
  89  13:18  Marine x2  
  97  13:20  Marauder x2  
  97  13:23  Marauder  
  99  13:31  Marine  
  100  13:35  Marine  
  100  13:36  Marine x2  
  100  13:37  SCV  
  100  13:38  SCV x2  
  110  13:41  Marauder x2  
  110  13:45  Marauder  
  111  13:49  SCV, Marine  
  111  13:50  SCV x2  
  111  13:53  Marine x3  
  118  14:02  SCV x3, Marauder, Starport Tech Lab  
  125  14:03  Marauder  
  125  14:06  Marauder  
  125  14:07  Marine  
  128  14:11  Marine  
  128  14:13  Terran Vehicle And Ship Armor Level 1, Terran Vehicle Weapons Level 1  
  128  14:14  Terran Infantry Armor Level 2, SCV x3, Terran Infantry Weapons Level 2  
  136  14:24  Marauder x2  
  136  14:26  SCV x2  
  136  14:27  Thor x2  
  136  14:28  Marauder  
  152  14:32  Refinery  
  130  14:45  Marauder x2  
  94  15:02  Marauder, Marine x2  
  94  15:07  Marauder x2  
  102  15:10  Thor x2  
  113  15:23  Marauder  
  113  15:28  Marauder x2  
  119  15:29  Marine x2  
  119  15:30  Marine  
  122  15:38  Raven  
  122  15:41  Refinery  
  124  15:45  Marauder  
  124  15:49  Marauder x2  
  111  16:01  Marine  
  76  16:06  Marauder  
  76  16:11  Marauder x2  
  43  16:27  Marauder  
  43  16:32  Marauder x2  
  35  16:44  Command Center  
  25  16:53  Marauder  
  25  16:54  Marauder  
  29  16:58  Orbital Command  
  15  17:15  Marauder  
  15  17:53  SCV x2  
Show
View Real Time Build Order
Export as new Build Order

qqq Zerg 

Build Orders: Hatch First 

Get SALT Encoding   

  12  0:02  Drone  
  13  0:09  Drone  
  14  0:35  Hatchery  
  13  0:50  Spawning Pool  
  12  1:00  Overlord  
  12  1:05  Drone  
  12  1:07  Drone  
  12  1:09  Extractor  
  13  1:17  Drone  
  14  1:23  Drone  
  15  1:33  Drone  
  15  1:37  Queen  
  18  1:44  Drone  
  19  1:47  Drone  
  20  1:55  Drone  
  20  1:59  Drone  
  22  2:05  Drone  
  23  2:09  Drone  
  23  2:12  Metabolic Boost  
  24  2:16  Overlord  
  24  2:26  Zergling x2  
  24  2:27  Zergling x2  
  24  2:29  Queen  
  28  2:37  Zergling x2  
  28  2:43  Zergling x2  
  30  2:44  Zergling x2  
  30  2:48  Baneling Nest  
  30  2:49  Zergling x2  
  30  2:50  Zergling x2  
  32  2:54  Overlord  
  32  2:59  Drone  
  32  3:00  Zergling x2  
  34  3:06  Zergling x2  
  34  3:08  Zergling x2  
  36  3:20  Zergling x2  
  36  3:23  Zergling x2  
  38  3:29  Zergling x2  
  38  3:30  Zergling x2, Overlord  
  38  3:31  Overlord  
  40  3:37  Baneling x5  
  40  3:39  Zergling x2  
  40  3:40  Zergling x2  
  42  3:43  Drone  
  43  3:50  Zergling x2  
  43  3:51  Drone, Zergling x2  
  43  3:53  Zergling x2  
  47  3:57  Zergling x2  
  47  3:59  Zergling x2  
  47  4:02  Drone  
  50  4:05  Zergling x2  
  51  4:10  Zergling x2  
  51  4:14  Zergling x2  
  51  4:16  Drone  
  42  4:38  Zergling x6  
  43  4:39  Zergling x6  
  44  4:48  Zergling x6  
  44  4:49  Zergling x2  
  46  4:59  Hatchery  
  44  5:04  Zergling x2  
  44  5:05  Zergling x6  
  43  5:18  Zergling x6  
  43  5:19  Zergling x2  
  46  5:38  Zergling x2  
  46  5:40  Roach Warren, Zergling x2  
  46  5:41  Zergling x2  
  46  5:42  Zergling x2  
  49  5:48  Zergling x2  
  50  5:57  Zergling x2  
  50  5:58  Drone  
  52  6:10  Zergling x2  
  53  6:12  Drone  
  54  6:18  Queen  
  54  6:19  Drone  
  54  6:22  Hatchery  
  56  6:25  Drone  
  56  6:26  Drone x2  
  56  6:27  Roach x3  
  56  6:28  Overlord x2  
  48  6:53  Roach x4  
  53  6:54  Roach x4  
  58  7:06  Roach  
  58  7:07  Drone x2, Roach x2  
  65  7:12  Lair  
  65  7:21  Drone  
  65  7:22  Roach x2  
  70  7:25  Roach  
  70  7:28  Roach  
  74  7:37  Drone x2  
  75  7:38  Roach x2  
  75  7:39  Roach  
  76  8:05  Roach x4  
  76  8:06  Roach x2  
  76  8:17  Drone x3  
  76  8:18  Drone x2, Zergling x8  
  76  8:19  Zergling x2  
  86  8:27  Extractor  
  86  8:28  Extractor  
  86  8:33  Drone  
  85  8:36  Spine Crawler  
  85  8:40  Roach x2  
  88  8:42  Overlord x4  
  88  8:43  Overlord  
  88  8:49  Overlord  
  88  8:58  Overlord  
  88  9:00  Glial Reconstitution  
  88  9:03  Drone x2  
  88  9:04  Roach x2  
  88  9:05  Drone x4  
  88  9:06  Drone  
  99  9:11  Drone  
  99  9:13  Roach x2  
  104  9:17  Spore Crawler  
  103  9:25  Extractor  
  103  9:27  Roach x2  
  103  9:29  Drone x3  
  103  9:30  Drone x2  
  111  9:42  Drone x3  
  111  9:43  Roach x3  
  120  9:47  Ravager x2  
  122  9:53  Drone x2  
  122  9:54  Roach  
  122  9:55  Roach  
  128  10:01  Zergling x2  
  128  10:03  Zergling x4  
  131  10:13  Hatchery  
  131  10:14  Drone x4  
  134  10:15  Roach x2  
  131  10:33  Roach  
  131  10:34  Roach x5  
  131  10:35  Drone  
  112  10:56  Roach x5  
  120  10:57  Drone x6  
  95  11:15  Drone x2  
  95  11:16  Roach x2  
  97  11:22  Extractor  
  97  11:25  Extractor  
  95  11:28  Infestation Pit  
  95  11:29  Evolution Chamber x2, Roach  
  95  11:30  Roach x3  
  95  11:32  Drone x4  
  104  11:36  Drone  
  105  11:46  Drone x3  
  108  11:47  Hatchery  
  108  11:48  Roach x2  
  108  11:49  Hatchery  
  110  11:56  Zerg Melee Weapons Level 1  
  110  11:59  Roach x2  
  110  12:00  Roach  
  108  12:13  Roach x6  
  108  12:14  Roach x3  
  108  12:15  Drone x6  
  124  12:30  Roach x4  
  124  12:31  Roach x2  
  136  12:40  Drone, Spine Crawler x3, Spore Crawler  
  136  12:41  Drone  
  136  12:42  Roach  
  136  12:43  Roach x2  
  140  12:45  Hive  
  140  12:52  Evolution Chamber  
  140  12:57  Drone x2  
  141  12:58  Roach x2  
  141  12:59  Roach x4  
  141  13:05  Pneumatized Carapace  
  153  13:06  Overseer  
  153  13:17  Roach x3  
  153  13:18  Drone x3  
  162  13:20  Overlord x3  
  162  13:23  Overlord x3  
  162  13:31  Zerg Ground Armor Level 1  
  162  13:37  Overlord x3  
  162  13:38  Overlord x6  
  162  13:40  Drone x2  
  164  13:51  Spore Crawler  
  145  14:11  Overseer x2  
  145  14:12  Roach  
  145  14:13  Roach x9  
  145  14:14  Zergling x6, Roach x2  
  145  14:15  Drone x4  
  145  14:16  Drone x2  
  180  14:24  Roach x3  
  176  14:46  Roach x2  
  176  14:47  Roach x7  
  176  14:48  Roach x3  
  176  14:49  Overlord x2  
  200  14:57  Zerg Melee Weapons Level 2  
  200  14:59  Ultralisk Cavern  
  199  15:13  Overlord x2  
  199  15:14  Overlord x2  
  199  15:19  Hatchery  
  135  15:38  Roach  
  135  15:39  Roach x8  
  135  15:40  Drone, Roach x5  
  135  15:41  Drone x3  
  145  15:53  Ultralisk x3  
  145  15:54  Zergling x4  
  145  15:55  Drone x3  
  145  15:56  Drone  
  169  15:59  Extractor  
  169  16:00  Extractor  
  169  16:01  Extractor  
  166  16:07  Roach  
  166  16:08  Roach x6  
  146  16:20  Zergling x4, Ultralisk  
  146  16:21  Zergling x6  
  146  16:22  Drone x2  
  159  16:30  Overseer  
  156  16:42  Chitinous Plating  
  156  16:45  Zergling x14  
  129  17:05  Ultralisk  
  129  17:06  Zergling x10  
  129  17:07  Zergling x16  
  129  17:08  Zergling x4  
  106  17:38  Zergling x2  
  106  17:39  Zergling x16  
  106  17:40  Zergling x4  
Tags
 
Add a new tag
Caveats
  • Supply blocks, unpowered buildings, or Contaminate may cause inaccurate times.
  • Supply counts are checked every 10 seconds.